AoeStats
← 297539664

Arena

509143506Analyzed
4v4 RM · 6d ago on Sep 25, 2026· 44m 43s· 8 players
Game mode
Random Map
Map size
Large (8 player)
Population
200
Speed
Normal
Resources
Standard
Victory
Conquest
Starting age
Dark Age
Ending age
Imperial Age
RankedLock teamsTeams togetherTeam positionsShared explorationLock speedFull tech treeHidden civsTurbo modeCheats
Victory
Defeat
🇦🇷 Gurjaras · Argentina
1586
+15
🇲🇽 Khmer · Mexico
1519
+18
🇩🇪 Saxons · Germany
1434
+21
🇨🇳 Franks · China
1424
+22
🇹🇷 Bohemians · Türkiye
1591
-20
🇩🇪 Sicilians · Germany
1557
-19
🇩🇪 Danes · Germany
1556
-19
🇩🇪 Britons · Germany
1527
-18
软脚虾3号
10:17 Feudal Age
11:13 Double-Bit Axe
14:03 Castle Age
12:07 Horse Collar
15:07 Bow Saw
15:02 Heavy Plow
23:20 Wheelbarrow
22:47 Gold Mining
24:14 Gold Shaft Mining
23:31 Stone Mining
24:56 Loom
27:56 Imperial Age
26:28 Hand Cart
26:00 Town Watch
26:51 Gold Shaft Mining
26:52 Stone Shaft Mining
26:28 Fletching
26:38 Padded Archer Armor
27:01 Ballistics
27:33 Squires
27:19 Arson
27:30 Bodkin Arrow
28:28 Leather Archer Armor
28:25 Bloodlines
28:15 Husbandry
28:54 Bracer
28:57 Devotion
28:41 Cranequins
29:26 Thumb Ring
30:28 Ring Archer Armor
31:01 Chemistry
29:59 Heavy Mounted Crossbowman
31:07 Scale Mail Armor
31:18 Forging
32:25 Conscription
32:13 Siege Engineers
32:18 Masonry
32:25 Chain Mail Armor
33:04 Elite Jomsviking
34:30 Plate Mail Armor
34:36 Iron Casting
35:58 Hamask
37:40 Capped Ram
38:40 Northmen's Fury
39:08 Siege Ram
41:52 Blast Furnace
42:41 Hoardings
Itgetsdarker
9:56 Feudal Age
9:20 Loom
14:35 Castle Age
22:14 Double-Bit Axe
22:46 Horse Collar
30:32 Imperial Age
27:59 Town Watch
30:15 Wheelbarrow
31:18 Chemistry
30:39 Ballistics
32:58 Conscription
41:21 Padded Archer Armor
43:05 Leather Archer Armor
Sternburg Export
5:09 Loom
10:38 Feudal Age
11:42 Double-Bit Axe
14:12 Castle Age
12:15 Horse Collar
15:11 Bow Saw
25:02 Fletching
32:52 Gold Mining
34:50 Wheelbarrow
34:34 Fortified Wall
35:20 Bodkin Arrow
35:59 Masonry
DonDanileau
10:20 Feudal Age
14:25 Castle Age
13:33 Double-Bit Axe
16:27 Horse Collar
22:27 Wheelbarrow
24:28 Hand Cart
26:03 Gold Mining
26:14 Heavy Plow
26:35 Bow Saw
29:50 Imperial Age
27:25 Scale Mail Armor
28:06 Forging
28:28 First Crusade
28:26 Squires
28:12 Arson
28:45 Chain Mail Armor
28:42 Loom
28:43 Town Watch
30:17 Iron Casting
29:53 Elite Serjeant
31:05 Plate Mail Armor
29:59 Capped Ram
30:58 Siege Ram
31:28 Pikeman
33:32 Blast Furnace
34:59 Crop Rotation
34:14 Halberdier
38:57 Coinage
42:13 Onager
CAXCAN
11:53 Feudal Age
14:51 Castle Age
12:44 Double-Bit Axe
13:07 Horse Collar
13:39 Man-at-Arms
14:57 Long Swordsman
17:27 Town Watch
19:59 Scale Mail Armor
19:47 Loom
20:51 Forging
23:49 Arson
24:51 Scale Barding Armor
30:19 Bow Saw
30:12 Heavy Plow
30:56 Fortified Wall
35:14 Imperial Age
34:02 Wheelbarrow
34:42 Ballistics
36:06 Hand Cart
36:59 Double Crossbow
37:29 Heavy Scorpion
39:43 Chemistry
38:34 Capped Ram
40:06 Siege Ram
40:54 Siege Engineers
peke
10:29 Feudal Age
11:43 Double-Bit Axe
14:28 Castle Age
12:10 Horse Collar
15:24 Bow Saw
16:14 Heavy Plow
19:52 Wheelbarrow
22:34 Stone Mining
22:35 Gold Mining
23:33 Hand Cart
23:22 Loom
26:10 Gold Shaft Mining
27:23 Scale Mail Armor
30:02 Imperial Age
28:20 Chain Mail Armor
29:30 Forging
30:48 Iron Casting
30:07 Town Watch
30:06 Elite Chakram Thrower
31:07 Conscription
31:19 Plate Mail Armor
31:47 Bloodlines
31:38 Husbandry
31:57 Scale Barding Armor
31:53 Fletching
31:50 Elite Shrivamsha Rider
32:43 Scale Barding Armor
32:54 Masonry
34:17 Chain Barding Armor
36:02 Plate Barding Armor
36:30 Fletching
37:47 Ballistics
39:12 Bodkin Arrow
39:43 Light Cavalry
42:16 Bracer
42:49 Padded Archer Armor
43:10 Elite Elephant Archer
43:56 Thumb Ring
44:08 Leather Archer Armor
45:31 Chemistry
DaKrankVieh
6:08 Loom
8:33 Feudal Age
8:55 Man-at-Arms
10:20 Arson
14:36 Double-Bit Axe
20:36 Castle Age
20:19 Horse Collar
22:46 Bow Saw
23:17 Wheelbarrow
23:17 Town Watch
32:01 Fletching
33:59 Scale Mail Armor
34:39 Squires
38:13 Imperial Age
36:17 Chain Mail Armor
35:50 Gambesons
36:13 Bodkin Arrow
36:10 Crossbowman
37:00 Stone Mining
38:09 Padded Archer Armor
38:36 Ballistics
38:58 Bracer
39:23 Conscription
38:42 Arbalester
39:28 Thumb Ring
39:49 Elite Skirmisher
40:54 Heavy Plow
41:33 Leather Archer Armor
42:20 Chemistry
43:34 Ring Archer Armor
45:26 Hand Cart
297539664
9:40 Feudal Age
13:31 Castle Age
12:04 Double-Bit Axe
14:44 Bow Saw
22:03 Gold Mining
22:49 Loom
24:32 Gold Shaft Mining
25:18 Wheelbarrow
28:20 Imperial Age
26:04 Forging
26:22 Scale Barding Armor
27:05 Hand Cart
27:28 Iron Casting
27:54 Chain Barding Armor
27:59 Husbandry
29:04 Chivalry
30:07 Blast Furnace
28:28 Cavalier
30:28 Plate Barding Armor
30:34 Conscription
29:43 Paladin
Connection lost

Rejoining the realm…

Still unreachable

The connection could not be restored.

Session expired

The server has moved on; the page needs a fresh start.